 Dungeon Crawl Stone Soup version 0.31-a0-267-g3fc6992b3b (webtiles) character file.

Game seed: 16073562555753101214

406 qw the Shooter (level 6, -2/53 HPs)
             Began as a Minotaur Hexslinger on July 13, 2023.
             Slain by an iguana (7 damage)
             ... on level 4 of the Dungeon.
             The game lasted 00:00:51 (2106 turns).

qw the Shooter (Minotaur Hexslinger)                Turns: 2106, Time: 00:00:51

Health: -2/53      AC:  5    Str: 12    XL:     6   Next: 56%
Magic:  6/6        EV: 11    Int: 10    God:
Gold:   166        SH:  0    Dex: 15    Spells: 6/7 levels left

rFire   . . .        Y - +1 shortbow (freeze)
rCold   . . .        (shield currently unavailable)
rNeg    + . .        i - +0 ring mail
rPois   .            (helmet restricted)
rElec   .            (no cloak)
rCorr   .            (no gloves)
SInv    .            (no boots)
Will    .....        (no amulet)
Stlth   +            f - ring of positive energy
HPRegen 0.28/turn    (no ring)
MPRegen 0.10/turn

%: no passive effects
@: lethally poisoned (-2 -> -8), about to teleport
A: horns 2, retaliatory headbutt
a: no special abilities


You were on level 4 of the Dungeon.
You visited 1 branch of the dungeon, and saw 4 of its levels.

You collected 166 gold pieces.


Innate Abilities, Weirdness & Mutations

You have a pair of horns on your head.
You reflexively headbutt those who attack you in melee.


   Skills:
 - Level 4.3 Fighting
 + Level 6.6 Ranged Weapons
 - Level 1.1 Armour
 - Level 2.1 Dodging
 - Level 1.0 Spellcasting
 - Level 2.0 Hexes


You had 6 spell levels left.
You knew the following spells:

 Your Spells              Type           Power      Damage    Failure   Level
a - Slow                  Hex            16%        N/A       34%         1

Your spell library contained the following spells:

 Spells                   Type           Power      Damage    Failure   Level
 Inner Flame              Hex/Fire       2%         N/A       83%         3
 Portal Projectile        Hex/Tloc       4%         N/A       83%         3
 Cause Fear               Hex            2%         N/A       98%         4

Inventory:

Hand Weapons
 Y - a +1 shortbow of freezing (weapon)
Armour
 i - a +0 ring mail (worn)
Jewellery
 f - a ring of positive energy (left hand)
Scrolls
 a - a scroll of teleportation
 e - 5 scrolls of identify
Potions
 g - 2 potions of curing

Dungeon Overview and Level Annotations

Branches:
Dungeon (4/15)
 Temple: D:4-7

Altars:
Ashenzari


Message History

The scorpion stings you.
You shoot an arrow. The arrow closely misses the scorpion.
The scorpion stings you.
You are poisoned.
The scorpion poisons you! The iguana barely misses you.
You shoot an arrow.
The arrow hits the scorpion but does no damage.
The scorpion is severely wounded.
You feel very sick. The scorpion barely misses you. The iguana bites you.
The scorpion stings you.
You shoot an arrow. The arrow barely misses the scorpion.
You feel sick. The hobgoblin misses you. The iguana completely misses you.
The scorpion stings you.
You are more poisoned.
The scorpion poisons you!
You shoot an arrow. The arrow hits the scorpion.
The arrow freezes the scorpion.
The scorpion is almost dead.
You feel very sick. The iguana bites you. The hobgoblin closely misses you.
You furiously retaliate!
You headbutt the hobgoblin.
The scorpion stings you but does no damage.
The iguana barely misses you. The hobgoblin barely misses you.
The scorpion stings you but does no damage.
You shoot an arrow. The arrow hits the scorpion!
The arrow freezes the scorpion.
You kill the scorpion!
You feel very sick. The hobgoblin barely misses you. You furiously retaliate!
You headbutt the hobgoblin.
You kill the hobgoblin!
The iguana bites you.
Your Fighting skill increases to level 4!
You shoot an arrow.
The arrow hits the iguana but does no damage.
You feel very sick. The iguana bites you.
2106 ||| READING 2 scrolls of teleportation.
As you read the scroll of teleportation, it crumbles to dust.
You feel strangely unstable.
You feel sick. The iguana bites you!
You die...

...##...#### #.##
..###......###..##
..#........#.....#
................#
........#.......#
................# #
ยค..............###
##...
.................#......
................@%......
...#........#...l.#)..##
...#.>.##..##..#.## .##
...# >. #.........
..........## ...........
......... .........


You could see an iguana.

Vanquished Creatures
  Sigmund (D:3)
  A phantom (D:4)
  A scorpion (D:4)
  Terence (D:3)
  2 adders (D:2)
  3 dart slugs
  An orc (D:3)
  6 bats
  2 endoplasms
  3 giant cockroaches
  4 goblins
  6 hobgoblins
  5 jackals
  4 quokkas
  6 ball pythons
  2 frilled lizards
  5 kobolds
  7 rats
60 creatures vanquished.

Notes
Turn   | Place    | Note
-------+----------+-------------------------------------------
     0 | D:1      | qw the Minotaur Hexslinger began the quest for the Orb.
     0 | D:1      | Reached XP level 1. HP: 16/16 MP: 1/1
     0 | D:1      | 0 ||| qw: Version: 0.3-a-52-g30416fa
     0 | D:1      | 0 ||| qw: Game counter: 7751
     0 | D:1      | 0 ||| qw: Melee chars always use a shield: true
     0 | D:1      | 0 ||| qw: God list: Okawaru
     0 | D:1      | 0 ||| qw: Allow faded altars: false
     0 | D:1      | 0 ||| qw: Do Orc after clearing Dungeon:15 true
     0 | D:1      | 0 ||| qw: Do second Lair branch before Depths: true
     0 | D:1      | 0 ||| qw: Lair rune preference: random
     0 | D:1      | 0 ||| qw: Goals: Normal
     0 | D:1      | 0 ||| PLANNING D:1-11
    75 | D:1      | Reached skill level 3 in Ranged Weapons
    83 | D:1      | Reached XP level 2. HP: 23/23 MP: 2/2
   111 | D:1      | Found a faded altar of an unknown god.
   594 | D:1      | 594 ||| UPGRADING to +0 ring mail.
   604 | D:1      | 604 ||| DROPPING +0 robe.
   605 | D:1      | 605 ||| UPGRADING to ring of positive energy.
   606 | D:1      | 606 ||| READING 2 scrolls labelled HAJAJA PUEPT.
   610 | D:1      | 610 ||| READING 2 scrolls labelled MOXANWE LAINK.
   611 | D:1      | 611 ||| READING scroll labelled UZAQOF GAUSM.
   611 | D:1      | Identified a scroll of acquirement
   611 | D:1      | 611 ||| ACQUIRING +0 shortbow of freezing
   611 | D:1      | Acquired a +0 shortbow of freezing
   613 | D:1      | 613 ||| SWAPPING to +0 shortbow of freezing.
   614 | D:1      | 614 ||| DROPPING +1 sling.
   615 | D:1      | 615 ||| DRINKING 2 fuming clear potions.
   616 | D:1      | 616 ||| DROPPING scroll of poison.
   657 | D:2      | Reached XP level 3. HP: 24/29 MP: 3/3
   837 | D:2      | Reached skill level 4 in Ranged Weapons
   871 | D:2      | Reached skill level 1 in Armour
  1173 | D:2      | Reached XP level 4. HP: 36/36 MP: 4/4
  1248 | D:2      | 1248 ||| READING scroll labelled KUBUER VI QUZ.
  1305 | D:2      | 1305 ||| READING scroll labelled ZAFEERIOCK.
  1306 | D:2      | 1306 ||| READING scroll labelled UTAUTHRU RUURIJ.
  1307 | D:2      | 1307 ||| READING 6 scrolls of identify.
  1307 | D:2      | 1307 ||| IDENTIFYING orange potion
  1308 | D:2      | 1308 ||| READING 5 scrolls of identify.
  1308 | D:2      | 1308 ||| IDENTIFYING red potion
  1309 | D:2      | 1309 ||| READING 4 scrolls of identify.
  1309 | D:2      | 1309 ||| IDENTIFYING murky sapphire potion
  1310 | D:2      | 1310 ||| DROPPING potion of berserk rage.
  1311 | D:2      | 1311 ||| DROPPING potion of attraction.
  1312 | D:2      | 1312 ||| DROPPING potion of lignification.
  1354 | D:3      | Noticed Terence
  1367 | D:3      | Killed Terence
  1501 | D:3      | Found a broken altar of Ashenzari.
  1798 | D:3      | Noticed Sigmund
  1800 | D:3      | 1800 ||| FLEEEEING.
  1801 | D:3      | 1801 ||| FLEEEEING.
  1802 | D:3      | 1802 ||| FLEEEEING.
  1803 | D:3      | 1803 ||| FLEEEEING.
  1804 | D:3      | 1804 ||| FLEEEEING.
  1809 | D:3      | Killed Sigmund
  1810 | D:3      | Reached skill level 6 in Ranged Weapons
  1810 | D:3      | Reached XP level 5. HP: 38/41 MP: 5/5
  2035 | D:3      | 2035 ||| READING scroll labelled HYUWEAT PANT.
  2064 | D:4      | Reached XP level 6. HP: 48/48 MP: 6/6
  2075 | D:4      | Reached skill level 3 in Fighting
  2105 | D:4      | HP: 12/53 [poisoned by a scorpion]
  2106 | D:4      | 2106 ||| READING 2 scrolls of teleportation.
  2106 | D:4      | HP: 5/53 [poisoned by a scorpion]
  2106 | D:4      | Slain by an iguana

Levels and vault maps discovered:
D:1:      nicolae_arrival_somewhat_less_tricky_arrival, layout_rooms,
          hellmonk_ecumenical_altar_lost_god
D:2:      layout_basic, minmay_quantized
D:3:      layout_loops_ring, ashenzari_conservatory_becter, uniq_sigmund,
          uniq_terence
D:4:      layout_cave_pools, nicolae_overflow_hidden_temple,
          kennysheep_mini_moat, minmay_manual_mess

Skill      XL: |  1  2  3  4  5  6 |
---------------+-------------------+-----
Ranged Weapons | 3 4 6 |  6.6
Fighting       | 2 4 |  4.3
Armour         | 1 |  1.1
Dodging        | |  2.1
Spellcasting   | |  1.0
Hexes          | |  2.0

Action                     |  1- 3 |  4- 6 || total
---------------------------+-------+-------++-------
   Fire: Sling             |    68 |       ||    68
         Shortbow          |    58 |    55 ||   113
    Use: Scroll            |     3 |     8 ||    11
         Potion            |     1 |       ||     1
 Armour: Ring mail         |    18 |     4 ||    22
         Robe              |     3 |       ||     3
  Dodge: Dodged            |    46 |    21 ||    67

Table legend:
 A = Non-vault XP
 B = Vault XP
 C = Vault XP percentage of total XP
 D = Non-vault monster count
 E = Vault monster count
 F = Vault count percentage of total count
                 A         B        C        D         E       F
            +---------+---------+-------+---------+---------+-------
      Total |     314 |     266 |  45.9 |      56 |       4 |   6.7
            +---------+---------+-------+---------+---------+-------
        D:1 |      37 |       0 |   0.0 |      23 |       0 |   0.0
        D:2 |      57 |       3 |   5.0 |      18 |       2 |  10.0
        D:3 |      19 |     263 |  93.3 |      10 |       2 |  16.7
        D:4 |     201 |       0 |   0.0 |       5 |       0 |   0.0
            +---------+---------+-------+---------+---------+-------
